 Dungeon Crawl Stone Soup version 0.29.1-12-g30fa7ad0bf (webtiles) character file.

Game seed: 8907843900022523039

34 Oxelix the Shooter (level 3, -1/31 HPs)
             Began as a Minotaur Hunter on Jan 4, 2023.
             Slain by Sigmund
             ... wielding a +0 scythe
              (8 damage)
             ... on level 2 of the Dungeon.
             The game lasted 00:03:33 (780 turns).

Oxelix the Shooter (Minotaur Hunter)                 Turns: 780, Time: 00:03:34

Health: -1/31      AC:  6    Str: 15    XL:     3   Next: 14%
Magic:  2/2        EV: 11    Int:  6    God:
Gold:   99         SH:  0    Dex: 15    Spells: 2/2 levels left

rFire   . . .      SeeInvis .   a - +0 shortbow
rCold   . . .      Faith    .   (shield currently unavailable)
rNeg    . . .      Spirit   .   j - +0 ring mail
rPois   .          Reflect  .   (helmet restricted)
rElec   .          Harm     .   (no cloak)
rCorr   .          Rampage  .   (no gloves)
Will    .....                   h - +0 pair of boots
Stlth   ..........              (no amulet)
HPRegen 0.10/turn               (no ring)
MPRegen 0.08/turn               (no ring)

@: confused
A: horns 2, retaliatory headbutt
a: no special abilities


You were on level 2 of the Dungeon.
You visited 1 branch of the dungeon, and saw 2 of its levels.

You collected 99 gold pieces.

Inventory:

Hand Weapons
 a - a +0 shortbow (weapon)
Armour
 c - a +0 leather armour
 h - a +0 pair of boots (worn)
 j - a +0 ring mail (worn)
Jewellery
 g - a ring of protection from fire
Scrolls
 b - a scroll of immolation
 d - a scroll of enchant weapon {unknown}
 e - 2 scrolls of poison {unknown}
 f - a scroll of noise {unknown}
 k - a scroll of teleportation {unknown}
Potions
 i - a potion of curing {unknown}
 l - 2 potions of flight {unknown}


   Skills:
 + Level 3.2 Fighting
 * Level 5.2 Ranged Weapons
 - Level 2.1 Dodging
 - Level 0.7 Stealth


You had 2 spell levels left.
You didn't know any spells.
Your spell library contained the following spells:

 Spells                   Type           Power      Damage    Failure   Level
 Apportation              Tloc           0%         N/A       69%         1
 Alistair's Intoxication  Tmut/Pois      0%         N/A       100%        5


Dungeon Overview and Level Annotations

Branches:
Dungeon (2/15)

Altars:
Elyvilon

Annotations:
D:2 Sigmund


Innate Abilities, Weirdness & Mutations

You have a pair of horns on your head.
You reflexively headbutt those who attack you in melee.


Message History

You hear an angry hiss.
A ball python comes into view.
Sigmund zaps a wand.
The puff of flame hits you.
Fire: a) +0 shortbow
Press: ? - help, Q - select action Shift-Dir - straight line, f/p - Sigmund
Aim: Sigmund, wielding a +0 scythe, wearing a +0 robe and carrying a wand of flame (9) (fast, 58% to hit)
You shoot an arrow. The arrow hits Sigmund.
Sigmund is lightly wounded.
Sigmund zaps a wand.
The puff of flame misses you.
Fire: a) +0 shortbow
Press: ? - help, Q - select action Shift-Dir - straight line, f/p - Sigmund
Aim: Sigmund, wielding a +0 scythe, wearing a +0 robe and carrying a wand of flame (8) (lightly wounded, fast, 58% to hit)
You shoot an arrow. The arrow hits Sigmund.
Sigmund is lightly wounded.
Sigmund hits you from afar with a +0 scythe.
Sigmund mumbles some strange words.
Sigmund flickers and vanishes!
Deactivating autopickup; reactivate with Ctrl-A.
Fire: a) +0 shortbow
Press: ? - help, Q - select action Shift-Dir - straight line, f - ball python
Aim: a ball python (58% to hit)
You shoot an arrow. Something hits you! Something hits you but does no damage.
You hear some strange, mumbled words.
You are confused.
Okay, then.
You are too confused!
You closely miss the ball python. Something hits you.
* * * LOW HITPOINT WARNING * * *
The ball python closely misses you. The ball python grabs you.
The ball python constricts you. Something hits you but does no damage.
The ball python bites you but does no damage.
The ball python constricts you.
You're too confused to move!
The ball python bites you but does no damage.
The ball python constricts you. Something hits you.
* * * LOW HITPOINT WARNING * * *
You escape the ball python's grasp.
Something hits you!
You die...

########.# #........#
#.#####..# #.#......#
#.#.###..#
#.#.#....##########
..####.#.#.#...........###
..............S..##.......#
...####.......@.###.#......#
###......## #.#.#(#..#
######.# #.#...#..# #.#
#.#..##..# #+# #.#......#
#......(# ####.#### #.#.##
###....#####


You could see a ball python.

Vanquished Creatures
  2 adders (D:2)
  3 ball pythons
  A bat (D:2)
  2 endoplasms (D:1)
  A goblin (D:1)
  A hobgoblin (D:1)
  2 quokkas
  A frilled lizard (D:1)
  A kobold (D:1)
  2 rats (D:1)
16 creatures vanquished.

Notes
Turn   | Place    | Note
-------+----------+-------------------------------------------
     0 | D:1      | Oxelix the Minotaur Hunter began the quest for the Orb.
     0 | D:1      | Reached XP level 1. HP: 18/18 MP: 0/0
   241 | D:1      | Reached XP level 2. HP: 25/25 MP: 1/1
   499 | D:2      | Found a faded altar of an unknown god.
   521 | D:2      | Found a white marble altar of Elyvilon.
   629 | D:2      | Reached skill level 5 in Ranged Weapons
   686 | D:2      | Reached XP level 3. HP: 31/31 MP: 2/2
   765 | D:2      | Noticed Sigmund
   780 | D:2      | Slain by Sigmund

Illustrated notes

Levels and vault maps discovered:
D:1:      dpeg_arrival_rhombi, layout_basic
D:2:      layout_loops_corners, basic_altar, ebering_ecumenical_altar_rust,
          uniq_sigmund

Skill      XL: |  1  2 |
---------------+-------+-----
Fighting       | 3 |  3.2
Ranged Weapons | 5 |  5.2
Dodging        | |  2.1
Stealth        | |  0.7

Action                   || total
-------------------------++-------
Melee: Shortbow          ||     1
 Fire: Shortbow          ||    46
Armor: Leather armour    ||     2
       Ring mail         ||    10
Dodge: Dodged            ||    17
